 Dungeon Crawl Stone Soup version 0.31-a0-204-g7da18cac08 (webtiles) character file.

Game seed: 1900215810978914931

893 Dittersdorf the Shield-Bearer (level 8, -6/51 HPs)
             Began as a Gargoyle Fighter on June 27, 2023.
             Was a Believer of Okawaru.
             Killed from afar by an acid dragon (20 damage)
             ... with a splash of acid
             ... on level 5 of the Dungeon.
             The game lasted 00:04:12 (3688 turns).

Dittersdorf the Shield-Bearer (Gargoyle Fighter)    Turns: 3688, Time: 00:04:12

Health: -6/51      AC: 14    Str: 21    XL:     8   Next: 6%
Magic:  0/8        EV:  8    Int: 10    God:    Okawaru [**....]
Gold:   252        SH:  8    Dex:  9    Spells: 7/7 levels left

rFire   . . .        s - +1 flail (drain)
rCold   . . .        q - +0 kite shield
rNeg    + . .        b - +0 scale mail
rPois   ∞            (no helmet)
rElec   +            (no cloak)
rCorr   .            h - +0 pair of gloves
SInv    .            (no boots)
Will    .....        f - amulet of guardian spirit Stlth
                     (no ring)
HPRegen 0.28/turn    (no ring)
MPRegen 0.11/turn

%: guardian spirit
@: no status effects
A: sickness immunity, AC +5, negative energy resistance 1, electricity
resistance, torment resistance 1, petrification resistance
a: Renounce Religion, Heroism


You were on level 5 of the Dungeon.
You worshipped Okawaru.
Okawaru was pleased with you.
You visited 2 branches of the dungeon, and saw 6 of its levels.

You collected 252 gold pieces.

Inventory:

Hand Weapons
 s - a +1 flail of draining (weapon)
Missiles
 i - a throwing net
Armour
 b - a +0 scale mail (worn)
 h - a +0 pair of gloves (worn)
 q - a +0 kite shield (worn)
Jewellery
 f - an amulet of guardian spirit (around neck)
Scrolls
 e - a scroll of enchant weapon {unknown}
 g - a scroll of identify {unknown}
 l - 2 scrolls of amnesia {unknown}
 m - 2 scrolls of teleportation
 o - 2 scrolls of poison {unknown}
 p - a scroll of vulnerability {unknown}
Potions
 c - a potion of degeneration {unknown}
 d - 2 potions of might
 j - a potion of heal wounds {unknown}
 k - a potion of mutation {unknown}
 n - 2 potions of curing {unknown}
 r - a potion of haste {unknown}


   Skills:
 + Level 5.8 Fighting
 + Level 4.8 Maces & Flails
 + Level 5.8 Armour
 + Level 5.8 Shields


You had 7 spell levels left.
You didn't know any spells.
Your spell library was empty.

Dungeon Overview and Level Annotations

Branches:
Dungeon (5/15)             Temple (1/1) D:4

Altars:
Ashenzari
Dithmenos
Elyvilon
Fedhas
Gozag
Hepliaklqana
Kikubaaqudgha
Makhleb
Nemelex Xobeh
Okawaru
Qazlal
Ru
Sif Muna
Trog
Uskayaw
Vehumet
Wu Jian
Yredelemnul
The Shining One

Annotations:
Temple 2 transporters


Innate Abilities, Weirdness & Mutations

You are immune to sickness and miasma.
Your stone body is resilient. (AC +5)
You are immune to poison.
You resist negative energy. (rN+)
You are resistant to electric shocks. (rElec)
You are resistant to unholy torment.
You are immune to petrification.


Message History

The black bear barely misses you. You block the black bear's attack. x2
You sock the black bear!
The black bear is moderately wounded.
You block the black bear's attack. The black bear barely misses you.
The black bear claws you but does no damage.
You barely miss the black bear.
The black bear is moderately wounded.
The black bear barely misses you. The black bear claws you.
The black bear barely misses you.
You sock the black bear! You drain the black bear.
The black bear is almost dead.
The black bear bites you but does no damage.
The black bear claws you but does no damage.
The black bear barely misses you. You block the black bear's attack.
The black bear claws you but does no damage. x2
You hit the black bear. You drain the black bear.
You kill the black bear!
Okawaru accepts your kill.
You have reached level 8!
You feel clever.
HP restored.
An ogre comes into view. It is wielding a +0 giant club.
Found a stone staircase leading down.
The ogre shouts!
You hear a shout!
An orc comes into view. It is wielding a +0 dagger.
An acid dragon comes into view.
A sleepcap comes into view.
The ogre hits you with a +0 giant club.
You sock the ogre!
The ogre is moderately wounded.
The ogre hits you with a +0 giant club!!
You hit the ogre.
The ogre is moderately wounded.
You hit the ogre.
The ogre is heavily wounded.
The ogre hits you with a +0 giant club!!
* * * LOW HITPOINT WARNING * * *
The acid dragon spits acid at you. The splash of acid hits you!!
You die...

## .... .. ...# #. ##.
..... #.##..#####.....
##..>.....#......
.....................
.........#.....O......
....... #.....@.of....
....... ###.....D.....
.......##.....#.......
.......#.....##...)...
...........####....#..
.........#####..#### .
........##.##..##
................#
#........#.#....#


You could see an acid dragon (catching breath), an ogre, a sleepcap and an orc.

Vanquished Creatures
  A steam dragon (D:3)
  A black bear (D:5)
  An ogre (D:4)
  2 phantoms (D:4)
  A scorpion (D:3)
  4 hounds
  2 orc priests (D:4)
  Jessica (D:3)
  An iguana (D:4)
  An orc wizard (D:4)
  2 adders
  A white imp (D:4)
  3 worms
  2 dart slugs
  9 orcs (D:4)
  7 ball pythons
  10 endoplasms
  4 giant cockroaches
  11 goblins
  5 hobgoblins
  4 jackals (D:1)
  8 kobolds
  6 quokkas
  A bat (D:1)
  5 frilled lizards
  2 rats
95 creatures vanquished.

Vanquished Creatures (others)
  An orc wizard (D:4)
  A kobold (D:4)
2 creatures vanquished.

Grand Total: 97 creatures vanquished

Notes
Turn   | Place    | Note
-------+----------+-------------------------------------------
     0 | D:1      | Dittersdorf the Gargoyle Fighter began the quest for the
                  | Orb.
     0 | D:1      | Reached XP level 1. HP: 14/14 MP: 1/1
    38 | D:1      | Reached XP level 2. HP: 19/19 MP: 2/2
   337 | D:1      | Reached XP level 3. HP: 23/23 MP: 3/3
   341 | D:1      | You fall into a shaft and drop 1 floor!
  1532 | D:3      | Reached XP level 4. HP: 19/29 MP: 2/4
  1701 | D:3      | Noticed Jessica
  1708 | D:3      | Killed Jessica
  1852 | D:3      | Found a faded altar of an unknown god.
  2004 | D:4      | Noticed a scorpion
  2015 | D:3      | Killed a scorpion
  2016 | D:3      | Reached XP level 5. HP: 29/33 MP: 5/5
  2048 | D:4      | Noticed a phantom
  2066 | D:4      | HP: 1/33 [orc/+0 flail (8)]
  2069 | D:4      | Killed a phantom
  2070 | D:4      | Reached XP level 6. HP: 3/39 MP: 1/6
  2216 | D:4      | Found a staircase to the Ecumenical Temple.
  2231 | Temple   | Entered the Ecumenical Temple
  2231 | Temple   | Found a transporter.
  2231 | Temple   | Found a transporter.
  2244 | Temple   | Found a transporter.
  2244 | Temple   | Found a transporter.
  2266 | Temple   | Became a worshipper of Warmaster Okawaru
  2562 | D:4      | Reached * piety under Okawaru
  2563 | D:4      | Reached skill level 5 in Fighting
  2563 | D:4      | Reached skill level 5 in Armour
  2563 | D:4      | Reached skill level 5 in Shields
  2563 | D:4      | Reached XP level 7. HP: 23/44 MP: 3/7
  3163 | D:4      | Noticed a steam dragon
  3297 | D:4      | Identified the +2 robe of the Volcano {Will+}
  3497 | D:3      | Killed a steam dragon
  3497 | D:3      | Reached ** piety under Okawaru
  3634 | D:5      | Entered Level 5 of the Dungeon
  3674 | D:5      | Reached XP level 8. HP: 50/51 MP: 8/8
  3688 | D:5      | Killed from afar by an acid dragon

Illustrated notes

Levels and vault maps discovered:
D:1:      tarquinn_simple_flora_water_e, layout_basic
D:2:      layout_basic, serial_glass, glass_columns_c, glass_columns_a
D:3:      layout_loops_corners, chequers_ecumenical_altar_lobes, uniq_jessica
D:4:      minmay_clustersquares, layout_loops_cross,
          minmay_temple_entry_nine_rooms, st_stairs_8
D:5:      layout_cave_pools, slow_altar_2, uniq_menkaure
Temple:   hellmonk_temple_divided_pantheon

Skill      XL: |  1  2  3  4  5  6 |
---------------+-------------------+-----
Fighting       | 4 5 |  5.8
Armour         | 4 5 |  5.8
Shields        | 4 5 |  5.8
Maces & Flails | 3 4 |  4.8

Action                     |  1- 3 |  4- 6 |  7- 9 || total
---------------------------+-------+-------+-------++-------
  Melee: Flail             |   137 |    94 |   179 ||   410
    Use: Scroll            |       |     2 |       ||     2
 Armour: Scale mail        |    58 |    44 |   164 ||   266
  Dodge: Dodged            |    63 |    26 |    77 ||   166
  Block: Buckler           |    26 |     2 |       ||    28
         Kite shield       |       |    26 |   127 ||   153

Table legend: (Time is in decaauts)
 A = Elapsed time spent in this place.
 B = Non-inter-level travel time spent in this place.
 C = Inter-level travel time spent in this place.
 D = Time resting spent in this place.
 E = Time spent auto-exploring this place.
 F = Levels seen in this place.
 G = Mean time per level.
                   A        B        C        D        E       F      G
               +--------+--------+--------+--------+--------+-----+--------+
         Total |   3819 |   3663 |    156 |    539 |   2167 |   6 |  636.5 |
       Dungeon |   3769 |   3618 |    151 |    528 |   2167 |   5 |  753.8 |
        Temple |     49 |     44 |      5 |     11 |      0 |   1 |   49.0 |
               +--------+--------+--------+--------+--------+-----+--------+

Top non-repeatable levels by time:
     D:4: 1419 daAuts
     D:3: 1337 daAuts
     D:1: 566 daAuts
     D:2: 391 daAuts
     D:5: 55 daAuts
  Temple: 49 daAuts
